Map: Cerulean Fall LE

Players

Oathkeeper

  • Race: Terran Terran
  • Spawn Location: 7:00

A.I. 1 (Hard)

  • Race: Zerg Zerg
  • Spawn Location: 1:00

VOD

Have the link to the VOD?

Description

Time

  • Played on: Jan. 15, 2019, 8:16 p.m.
  • Length: 34:10
Show
View Real Time Build Order
Export as new Build Order

Oathkeeper Terran 

Build Orders:  

Get SALT Encoding   

    0:14  Orbital Command  
    0:27  SCV x12  
  12  0:44  SCV  
  13  0:59  Supply Depot  
  13  1:00  SCV  
  14  1:14  SCV  
  15  1:22  Barracks  
  15  1:26  SCV  
  15  1:31  Refinery  
  16  1:42  SCV  
  17  1:55  SCV  
  18  2:11  Orbital Command  
  18  2:24  Supply Depot  
  18  2:25  Barracks Reactor  
  18  2:41  SCV  
  19  2:53  Barracks  
  19  3:06  Marine  
  19  3:07  Command Center  
  19  3:08  Marine  
  21  3:36  SCV  
  22  3:43  Barracks  
  22  3:48  SCV  
  23  4:00  SCV  
  23  4:01  Marine  
  23  4:02  Marine  
  26  4:12  SCV, Barracks Tech Lab  
  27  4:19  Orbital Command  
  27  4:24  Marine  
  27  4:25  Marine  
  29  4:42  Marine  
  30  4:52  Stimpack  
  30  4:54  Barracks Reactor  
  30  5:00  Marine x2  
  32  5:10  Factory  
  32  5:16  SCV  
  33  5:21  Refinery  
  33  5:25  Marine  
  33  5:28  SCV  
  35  5:40  SCV  
  35  5:43  Supply Depot  
  28  5:57  Marine x5  
  29  6:14  Marine  
  29  6:15  Marine x4  
  31  6:32  Marine x2  
  25  6:33  Marine x3  
  28  6:46  Factory Tech Lab  
  28  6:50  Marine x4  
  28  6:51  Marine  
  33  7:06  Orbital Command  
  33  7:08  Marine x5  
  38  7:24  SCV  
  38  7:26  Marine x5  
  44  7:36  SCV  
  45  7:43  Marine  
  46  8:00  Supply Depot  
  46  8:21  Marine x4  
  46  8:22  SCV  
  46  8:23  Supply Depot  
  51  8:34  SCV  
  52  8:40  Marauder  
  54  8:46  SCV, Supply Depot, Command Center  
  55  8:54  Bunker  
  55  8:58  SCV  
  55  9:01  Marauder  
  58  9:09  Engineering Bay  
  58  9:18  Starport  
  58  9:36  Engineering Bay  
  58  9:52  Siege Tank  
  61  10:08  Starport Reactor  
  61  10:13  Neosteel Armor  
  61  10:16  Terran Infantry Weapons Level 1  
  61  10:24  Siege Tank  
  64  10:31  Refinery  
  64  10:42  Marauder  
  66  10:48  SCV  
  67  10:53  Medivac x2  
  71  11:00  SCV  
  71  11:03  Marauder  
  74  11:05  Combat Shield  
  74  11:12  SCV  
  75  11:24  SCV  
  75  11:25  Marauder  
  78  11:36  SCV, Armory  
  79  11:46  Marauder  
  81  11:53  Terran Infantry Armor Level 1  
  81  12:04  Orbital Command  
  81  12:08  Marauder  
  83  12:42  Concussive Shells  
  83  12:51  Barracks  
  83  12:57  Terran Infantry Weapons Level 2  
  83  13:11  Fusion Core  
  83  13:15  Refinery  
  83  13:37  Orbital Command  
  83  13:44  Siege Tank  
  85  15:10  Supply Depot  
  85  15:31  Marine x4, SCV x2  
  85  15:33  Supply Depot  
  91  15:50  SCV  
  91  15:55  Supply Depot  
  92  15:57  Starport  
  92  16:00  Starport  
  92  16:03  Starport  
  92  16:19  Supply Depot  
  92  16:24  Barracks x2  
  92  16:27  Barracks  
  92  16:42  Supply Depot  
  92  17:04  Supply Depot  
  92  17:06  Terran Infantry Weapons Level 3  
  92  17:07  Terran Infantry Armor Level 2  
  92  17:11  Terran Vehicle And Ship Armor Level 1  
  92  17:14  Weapon Refit  
  92  17:19  Supply Depot  
  92  17:52  Factory  
  92  17:59  SCV x3  
  95  18:11  SCV x3  
  95  18:12  Refinery  
  98  18:15  Refinery  
  98  18:19  Marauder, Marine  
  100  18:20  Marine x3  
  100  18:23  SCV x3  
  107  18:35  SCV x3  
  107  18:37  Marine x2  
  107  18:38  Marine x2  
  107  18:39  Factory  
  107  18:40  Marauder  
  116  18:47  SCV x2  
  116  18:48  SCV  
  119  18:55  Marine x2  
  119  18:56  Marine x2  
  119  19:01  Marauder  
  125  19:05  Terran Vehicle Weapons Level 1  
  125  19:13  Marine x3  
  125  19:14  Marine  
  129  19:23  Marauder  
  131  19:24  Factory  
  131  19:44  Marauder  
  128  20:48  Medivac x4  
  136  21:00  Terran Ship Weapons Level 1  
  136  21:20  Supply Depot  
  136  21:22  Supply Depot  
  136  21:38  Terran Infantry Armor Level 3  
  136  21:40  Hi-Sec Auto Tracking  
  136  21:41  Thor  
  136  21:45  Supply Depot  
  136  21:46  Supply Depot  
  142  21:48  Supply Depot  
  142  22:08  Supply Depot  
  142  22:09  Supply Depot  
  142  22:14  Marine x4  
  142  22:15  Marine  
  147  22:24  Thor  
  153  22:31  Marine  
  153  22:32  Marine x2  
  153  22:33  Marauder  
  158  22:53  Terran Vehicle And Ship Armor Level 2  
  158  22:54  Marauder  
  160  23:16  Marauder  
  160  23:37  Marauder  
  162  23:47  Thor  
  168  23:53  Marine  
  168  23:54  Marine x3  
  172  23:59  Marauder  
  174  24:11  Marine x3  
  174  24:12  Marine  
  178  24:20  Marauder  
  180  24:29  Marine x4  
  180  24:30  Thor  
  189  24:41  Marauder  
  191  24:47  Marine x4  
  195  25:03  Marauder  
  195  25:05  Marine  
  197  25:09  Terran Vehicle Weapons Level 2  
  197  26:34  Marine x2  
  197  27:07  Marauder  
  197  27:20  Marine x2  
  197  28:58  Marine  
  197  29:10  Marine  
  196  31:49  Command Center  
  196  31:56  Marine  
  197  32:04  Supply Depot  
  197  32:10  Supply Depot  
  197  32:25  Marine x3  
  197  32:27  Supply Depot  
  200  32:33  Supply Depot  
  200  32:50  Supply Depot  
  200  32:56  Supply Depot  
  200  33:13  Supply Depot  
  200  33:20  Supply Depot  
  200  33:37  Supply Depot  
  200  33:44  Supply Depot  
  200  34:04  Supply Depot  
  200  34:09  Supply Depot  
Show
View Real Time Build Order
Export as new Build Order

A.I. 1 (Hard) Zerg 

Build Orders: Hatch First 

Get SALT Encoding   

    0:21  Overlord  
    0:27  Drone x12  
    0:39  Unknown  
    0:40  Drone  
  13  0:47  Drone  
  14  0:56  Overlord  
  14  1:15  Drone x3  
  17  1:26  Drone  
  18  1:39  Hatchery  
  17  1:50  Spawning Pool  
  17  1:51  Extractor  
  17  1:53  Drone  
  16  1:57  Drone  
  17  2:03  Overlord  
  17  2:37  Drone, Zergling x2  
  17  2:39  Queen  
  17  2:40  Roach Warren  
  17  2:41  Extractor  
  19  2:44  Zergling x2  
  19  2:48  Drone  
  19  2:51  Drone  
  22  3:03  Drone  
  23  3:15  Drone  
  24  3:20  Roach  
  24  3:23  Overlord  
  26  3:27  Roach  
  28  3:35  Roach  
  30  3:42  Roach  
  32  3:49  Roach  
  34  3:56  Roach  
  34  3:58  Overlord  
  36  4:03  Roach  
  36  4:07  Drone  
  39  4:10  Roach  
  39  4:12  Drone  
  39  4:16  Drone  
  43  4:20  Drone  
  45  4:24  Drone  
  45  4:28  Drone  
  46  4:36  Overlord  
  46  4:45  Baneling Nest  
  45  4:46  Drone  
  46  4:53  Evolution Chamber  
  46  4:55  Drone  
  46  5:18  Hatchery  
  45  5:38  Hatchery  
  42  5:44  Drone  
  42  5:47  Drone  
  42  5:53  Evolution Chamber  
  42  5:55  Drone  
  42  6:07  Zerg Melee Weapons Level 1  
  42  6:18  Zerg Ground Armor Level 1  
  40  6:28  Burrow  
  40  6:31  Zergling x2  
  43  6:40  Roach  
  43  6:48  Roach  
  45  7:03  Spore Crawler  
  45  7:07  Spore Crawler  
  43  7:09  Hatchery  
  42  7:27  Drone  
  42  7:28  Drone  
  44  7:40  Spine Crawler  
  44  7:41  Drone  
  44  7:50  Spine Crawler  
  43  7:56  Queen  
  45  8:01  Zerg Missile Weapons Level 1  
  45  8:06  Queen  
  47  8:23  Drone  
  48  8:28  Drone  
  48  8:32  Drone  
  51  8:34  Drone  
  51  8:35  Drone  
  51  8:37  Drone  
  51  8:38  Drone  
  51  8:41  Drone  
  55  8:44  Drone  
  55  8:47  Drone  
  57  8:50  Drone  
  57  8:52  Drone  
  57  8:54  Drone  
  60  8:56  Drone  
  60  8:58  Drone  
  60  8:59  Drone  
  60  9:01  Drone  
  60  9:02  Drone  
  65  9:04  Drone  
  65  9:08  Overlord  
  66  9:33  Overlord  
  66  9:38  Pneumatized Carapace  
  66  10:10  Extractor  
  65  10:16  Zergling x2  
  65  10:26  Extractor  
  64  10:32  Drone  
  64  10:34  Overlord, Drone  
  66  10:41  Hatchery  
  65  10:43  Spore Crawler  
  65  10:49  Drone  
  65  10:51  Drone  
  65  10:52  Drone  
  67  11:00  Spore Crawler  
  67  11:01  Drone  
  67  11:06  Queen  
  69  11:24  Spine Crawler  
  69  11:25  Spine Crawler  
  67  11:54  Drone, Queen  
  67  11:56  Drone  
  67  11:57  Drone  
  67  11:58  Drone  
  67  12:00  Drone  
  74  12:01  Drone  
  74  12:03  Drone  
  74  12:04  Drone  
  74  12:06  Overlord, Drone  
  74  12:07  Drone  
  79  12:09  Drone  
  79  12:10  Drone  
  79  12:12  Drone  
  79  12:13  Drone  
  79  12:14  Drone  
  79  12:15  Extractor  
  83  12:16  Drone  
  83  12:17  Drone  
  83  12:19  Drone  
  83  12:20  Drone  
  83  12:21  Spore Crawler  
  83  12:22  Drone  
  87  12:23  Spore Crawler  
  87  12:24  Overlord  
  87  12:25  Drone  
  87  13:09  Spine Crawler  
  87  13:10  Overlord, Roach  
  87  13:11  Spine Crawler  
  87  13:12  Roach  
  89  13:14  Roach  
  89  13:16  Roach  
  89  13:18  Roach  
  95  13:21  Roach  
  95  13:23  Roach  
  99  13:28  Overlord, Extractor, Roach  
  100  13:39  Drone  
  101  13:43  Zergling x2  
  101  13:44  Drone  
  101  13:45  Roach  
  101  13:46  Drone  
  103  13:48  Overlord  
  103  16:23  Overlord  
  103  16:37  Hatchery  
  102  16:41  Overlord  
  102  16:51  Zergling x2  
  92  17:49  Drone, Queen  
  95  17:59  Extractor  
  95  18:00  Drone  
  95  18:03  Spore Crawler  
  95  18:04  Drone  
  95  18:05  Spore Crawler  
  95  18:07  Drone  
  95  18:36  Extractor  
  95  18:37  Drone  
  95  18:38  Spine Crawler  
  95  18:39  Drone  
  95  18:42  Spine Crawler  
  95  18:44  Drone  
  95  20:05  Overlord  
  95  20:25  Overlord  
  95  20:37  Zergling x2  
  83  21:37  Hatchery  
  82  22:50  Drone, Queen  
  85  22:54  Zergling x2  
  85  23:04  Extractor, Drone  
  85  23:06  Spore Crawler  
  85  23:07  Drone  
  85  23:09  Spore Crawler, Drone, Queen  
  85  23:11  Extractor, Drone  
  81  23:13  Drone  
  81  23:14  Drone  
  81  23:16  Drone  
  81  23:17  Drone  
  81  23:19  Drone  
  83  23:20  Drone, Queen  
  83  23:22  Drone  
  83  23:23  Drone  
  83  23:25  Drone  
  83  23:26  Drone  
  70  23:28  Drone  
  70  23:29  Drone  
  70  23:31  Drone  
  70  23:32  Drone  
  70  23:34  Drone  
  70  23:35  Drone  
  70  23:37  Drone  
  70  23:38  Drone  
  70  23:40  Drone  
  68  23:41  Drone  
  68  23:43  Drone  
  68  23:44  Drone  
  68  23:46  Drone  
  68  23:47  Drone  
  66  23:49  Drone  
  66  23:50  Drone  
  66  23:52  Drone, Queen  
  66  23:53  Drone  
  66  23:55  Drone  
  62  23:56  Drone, Queen  
  62  23:58  Drone, Spine Crawler  
  62  23:59  Drone  
  62  24:00  Spore Crawler  
  62  24:01  Drone  
  55  24:03  Drone, Queen  
  55  24:04  Drone  
  55  24:05  Spine Crawler  
  55  24:06  Drone  
  55  24:07  Drone  
  55  24:08  Drone  
  55  24:10  Drone  
  55  24:11  Drone  
  55  24:13  Drone  
  55  24:14  Drone  
  55  24:16  Drone  
  53  24:18  Drone  
  53  24:19  Drone  
  53  24:20  Drone  
  53  24:21  Spine Crawler  
  53  24:22  Drone  
  53  24:23  Zergling x2  
  53  24:24  Drone  
  50  24:25  Drone  
  50  24:27  Drone  
  50  24:28  Drone  
  50  24:30  Drone  
  50  24:31  Drone  
  50  24:33  Drone  
  50  24:34  Drone  
  50  24:36  Drone  
  50  24:37  Drone  
  49  24:39  Drone  
  49  24:40  Drone  
  49  24:42  Drone  
  49  24:43  Drone  
  49  24:45  Drone, Queen  
  50  24:46  Drone  
  50  24:48  Drone  
  50  24:49  Drone  
  50  24:50  Drone, Zergling x2  
  50  24:52  Drone  
  50  24:54  Drone  
  50  24:55  Drone  
  50  24:57  Drone  
  50  24:58  Drone  
  45  25:00  Drone  
  45  25:01  Drone  
  45  25:03  Drone  
  45  25:07  Drone  
  45  25:09  Drone  
  45  25:10  Drone  
  45  25:12  Drone  
  45  25:13  Drone, Hatchery  
  36  25:15  Drone  
  36  25:16  Drone  
  36  25:18  Drone  
  36  25:19  Drone, Zergling x2  
  36  25:21  Drone  
  38  25:22  Drone, Zergling x2  
  38  25:24  Drone  
  38  25:25  Drone  
  38  25:26  Roach  
  38  25:27  Drone  
  44  25:28  Drone  
  44  25:30  Drone, Queen, Zergling x2  
  44  25:31  Drone  
  44  25:33  Drone, Roach  
  44  25:35  Drone  
  44  25:36  Drone  
  44  25:37  Drone, Queen, Zergling x2  
  44  25:39  Drone  
  44  25:40  Drone  
  44  25:41  Roach  
  44  25:42  Drone  
  48  25:43  Drone  
  48  25:44  Zergling x2  
  48  25:45  Drone  
  48  25:46  Drone  
  48  25:48  Drone, Roach  
  48  25:49  Drone, Queen  
  53  25:51  Drone  
  53  25:52  Zergling x2  
  53  25:53  Drone  
  53  25:54  Drone  
  53  25:55  Roach  
  53  25:56  Drone  
  54  25:57  Drone  
  54  25:59  Evolution Chamber  
  54  26:01  Zergling x2  
  48  26:05  Zergling x2  
  48  26:07  Drone  
  48  26:09  Zergling x2  
  46  26:11  Drone  
  46  26:12  Zergling x2  
  46  26:13  Queen  
  46  26:15  Drone  
  46  26:16  Drone, Zergling x2  
  46  26:18  Drone, Queen  
  44  26:19  Drone  
  44  26:22  Extractor  
  44  26:24  Spawning Pool, Overlord  
  33  26:33  Extractor  
  30  26:41  Drone  
  30  26:42  Overlord, Drone  
  30  26:44  Drone  
  30  26:45  Drone  
  31  26:51  Drone, Evolution Chamber  
  31  26:52  Drone, Evolution Chamber  
  31  26:59  Extractor, Drone  
  31  27:01  Overlord, Drone  
  31  27:02  Drone  
  31  27:04  Drone  
  31  27:05  Drone  
  31  27:07  Drone  
  32  27:08  Drone  
  32  27:10  Drone  
  32  27:11  Drone  
  32  27:13  Drone, Zergling x2  
  32  27:14  Drone  
  32  27:19  Overlord, Zergling x2  
  30  27:29  Spawning Pool  
  22  27:37  Overlord  
  22  27:57  Overlord  
  21  28:08  Drone  
  21  28:09  Drone  
  21  28:11  Drone  
  21  28:12  Drone  
  24  28:15  Overlord, Drone  
  24  28:19  Zergling x2  
  26  28:26  Drone  
  27  28:28  Drone  
  27  28:29  Drone  
  27  28:33  Drone, Hatchery  
  29  28:34  Drone, Evolution Chamber  
  29  28:39  Drone  
  29  28:40  Overlord  
  29  28:41  Drone  
  27  29:02  Overlord  
  18  29:13  Drone  
  15  29:18  Drone  
  15  29:20  Drone  
  15  29:21  Drone  
  15  29:23  Drone  
  1  29:45  Drone  
  1  29:55  Drone  
  2  30:06  Drone  
Tags
 
Add a new tag
Caveats
  • Supply blocks, unpowered buildings, or Contaminate may cause inaccurate times.
  • Supply counts are checked every 10 seconds.